 Dungeon Crawl Stone Soup version 0.31.0-11-ge490571c62 (webtiles) character file.

Game seed: 8945655422814316763

56 qw the Shooter (level 3, -6/20 HPs)
             Began as a Deep Elf Hunter on Feb 4, 2024.
             Killed by divine providence
             ... invoked by an orc priest
              (15 damage)
             ... on level 3 of the Dungeon.
             The game lasted 00:00:19 (1297 turns).

qw the Shooter (Deep Elf Hunter)                    Turns: 1297, Time: 00:00:20

Health: -6/20      AC:  6    Str: 10    XL:     3   Next: 69%
Magic:  5/5        EV: 11    Int: 13    God:
Gold:   55         SH:  0    Dex: 18    Spells: 2/2 levels left

rFire   + . .        a - +0 shortbow
rCold   + . .        (shield currently unavailable)
rNeg    . . .        h - +1 ring mail
rPois   .            (no helmet)
rElec   .            g - scarf {rC+ rF+}
rCorr   .            (no gloves)
SInv    .            (no boots)
Will    .....        (no amulet)
Stlth   +            (no ring)
HPRegen 0.23/turn    (no ring)
MPRegen 0.09/turn

%: no passive effects
@: no status effects
A: no striking features
a: no special abilities


You were on level 3 of the Dungeon.
You visited 1 branch of the dungeon, and saw 3 of its levels.

You collected 55 gold pieces.


   Skills:
 - Level 1.5 Fighting
 + Level 7.2 Ranged Weapons
 - Level 2.4 Dodging
 - Level 1.2 Stealth


You had 2 spell levels left.
You didn't know any spells.
Your spell library was empty.

Inventory:

Hand Weapons
 a - a +0 shortbow (weapon)
Armour
 g - a scarf of resistance (worn)
 h - a +1 ring mail (worn)
Scrolls
 c - a scroll of identify

Dungeon Overview and Level Annotations

Branches:
Dungeon (3/15)

Altars:

Annotations:
D:3 Ijyb


Message History

The orc is moderately wounded.
The orc priest calls upon Beogh to heal the orc.
The orc's wounds heal themselves!
You shoot an arrow.
The arrow hits the orc but does no damage.
The orc hits you with a +0 club.
1289 ||| RETREEEEATING.
Ijyb screams, "It's all mine!"
The orc attacks as it pursues you! The orc barely misses you.
You shoot an arrow. The arrow hits the orc.
The orc is almost dead.
The orc completely misses you.
You shoot an arrow.
The arrow hits the orc but does no damage.
The orc is almost dead.
The orc barely misses you.
You shoot an arrow. The arrow closely misses the orc.
The arrow hits the orc.
The orc is moderately wounded.
The orc priest casts a cantrip, but nothing happens.
The orc closely misses you.
You shoot an arrow. The arrow hits the orc.
You kill the orc!
You shoot an arrow. The arrow barely misses the orc.
The arrow hits the gnoll.
The gnoll is lightly wounded.
The orc hits you with a +0 flail. The orc barely misses you.
You shoot an arrow. The arrow hits the orc.
The orc is heavily wounded.
The orc barely misses you.
You shoot an arrow. The arrow hits the orc.
You kill the orc!
A gnoll comes into view. It is wielding a +0 halberd.
You shoot an arrow. The arrow closely misses the gnoll.
The arrow closely misses the orc priest.
The arrow hits the gnoll.
The gnoll is lightly wounded.
The gnoll hits you with a +0 club.
The orc priest invokes the aid of Beogh against you.
Beogh smites you!
Ouch! That really hurt!
You die...

## .# .# .
.####..
.......
.......
######..%....
#..@gog....)o
#.####g#.g...
.. .# ... #..
.# . ... ..
## .. .## .#


You could see Ijyb, an orc priest and 3 gnolls.

Vanquished Creatures
  An orc wizard (D:3)
  2 dart slugs (D:1)
  3 orcs (D:3)
  A bat (D:2)
  3 endoplasms (D:1)
  3 hobgoblins
  2 jackals (D:2)
  4 ball pythons
  3 frilled lizards
  2 kobolds (D:1)
24 creatures vanquished.

Notes
Turn   | Place    | Note
-------+----------+-------------------------------------------
     0 | D:1      | qw the Deep Elf Hunter began the quest for the Orb.
     0 | D:1      | Reached XP level 1. HP: 12/12 MP: 3/3
     0 | D:1      | 0 ||| qw: Version: 0.3-a-160-g6735b56
     0 | D:1      | 0 ||| qw: Game counter: 5673
     0 | D:1      | 0 ||| qw: Melee chars always use a shield: true
     0 | D:1      | 0 ||| qw: God list: Okawaru
     0 | D:1      | 0 ||| qw: Allow faded altars: false
     0 | D:1      | 0 ||| qw: Do Orc after clearing Dungeon:15 true
     0 | D:1      | 0 ||| qw: Do second Lair branch before Depths: true
     0 | D:1      | 0 ||| qw: Lair rune preference: random
     0 | D:1      | 0 ||| qw: Goals: Normal
     0 | D:1      | 0 ||| PLANNING D:1-11
   113 | D:1      | Reached XP level 2. HP: 16/16 MP: 4/4
   148 | D:1      | Reached skill level 6 in Ranged Weapons
   154 | D:1      | Found a faded altar of an unknown god.
   565 | D:1      | 565 ||| UPGRADING to scarf of resistance.
   570 | D:1      | 570 ||| UPGRADING to +0 ring mail.
   580 | D:1      | 580 ||| DROPPING +0 leather armour.
   581 | D:1      | 581 ||| READING scroll labelled VAAMA RAXU.
   610 | D:1      | 610 ||| READING scroll labelled DYKIDI TEURI.
   610 | D:1      | 610 ||| ENCHANTING +0 ring mail.
   611 | D:1      | 611 ||| READING scroll labelled ROCLUG OGOG.
   612 | D:1      | 612 ||| DROPPING scroll of butterflies.
  1257 | D:2      | 1257 ||| READING 2 scrolls of identify.
  1257 | D:2      | 1257 ||| IDENTIFYING scroll labelled NISCHAW XUIM
  1258 | D:2      | 1258 ||| DROPPING scroll of fog.
  1279 | D:3      | 1279 ||| RETREEEEATING.
  1285 | D:3      | Reached skill level 7 in Ranged Weapons
  1285 | D:3      | Reached XP level 3. HP: 16/20 MP: 5/5
  1286 | D:3      | Noticed Ijyb
  1289 | D:3      | 1289 ||| RETREEEEATING.
  1297 | D:3      | Killed from afar by an orc priest

Levels and vault maps discovered:
D:1:      eino_arrival_cavern_d, layout_rooms,
          shapermc_ecumenical_altar_acropolis, minmay_pentomino_z2
D:2:      layout_loops_ring, chequers_serial_rivers_micro_e
D:3:      layout_rooms, kennysheep_vampire_church, uniq_ijyb, uniq_natasha

Skill      XL: |  1  2 |
---------------+-------+-----
Ranged Weapons | 7 |  7.2
Fighting       | |  1.5
Dodging        | |  2.4
Stealth        | |  1.2

Action                     || total
---------------------------++-------
   Fire: Shortbow          ||    61
    Use: Scroll            ||     4
 Armour: Ring mail         ||     9
         Leather armour    ||     2
  Dodge: Dodged            ||    19

Table legend:
 A = Non-vault XP
 B = Vault XP
 C = Vault XP percentage of total XP
 D = Non-vault monster count
 E = Vault monster count
 F = Vault count percentage of total count
                 A         B        C        D         E       F
            +---------+---------+-------+---------+---------+-------
      Total |      77 |       3 |   3.8 |      22 |       2 |   8.3
            +---------+---------+-------+---------+---------+-------
        D:1 |      20 |       3 |  13.0 |      10 |       2 |  16.7
        D:2 |      12 |       0 |   0.0 |       7 |       0 |   0.0
        D:3 |      45 |       0 |   0.0 |       5 |       0 |   0.0
            +---------+---------+-------+---------+---------+-------
